 Dungeon Crawl Stone Soup version 0.14-a0-1637-gd423c14 (webtiles) character file.

35 Zomeperzon the Gusty (level 2, -9/17 HPs)
             Began as a Halfling Air Elementalist on Dec 27, 2013.
             Was an Initiate of Nemelex Xobeh.
             Hit by a steel tomahawk thrown by Phoass (12 damage)
             ... created by the player character
             ... on Level 2 of the Dungeon.
             The game lasted 00:10:34 (879 turns).

Zomeperzon the Gusty (Halfling Air Elementalist)     Turns: 879, Time: 00:10:34

HP  -9/17        AC  2     Str  5      XL: 2   Next: 65%
MP   3/3         EV 15     Int 15      God: Nemelex Xobeh [......]
Gold 20          SH  0     Dex 16      Spells:  1 memorised,  3 levels left

rFire  . . .     SeeInvis .     f - plain deck of defence {drawn: 1}
rCold  . . .     Clarity  .     a - +0 robe
rNeg   . . .     Conserve .     (no shield)
rPois  .         rCorr    .     (no helmet)
rElec  .         rRot     .     (no cloak)
SustAb . .       Spirit   .     (no gloves)
rMut   .         Warding  .     (no boots)
Saprov . . .     Stasis   .     (no amulet)
                                (no ring)
                                (no ring)

@: not resistant to hostile enchantments, stealthy
A: mutation resistance 1, slow metabolism 1
a: Renounce Religion


You were on level 2 of the Dungeon.
You worshipped Nemelex Xobeh.
Nemelex Xobeh was noncommittal.
You were not hungry.

You visited 1 branch of the dungeon, and saw 2 of its levels.

You collected 20 gold pieces.

Inventory:

Missiles
 d - 41 stones
 e - 13 bolts of penetration
 i - 5 tomahawks (quivered)
 l - 7 poisoned darts
 n - 23 bolts
 r - 4 darts
Armour
 a - a +0 robe (worn)
Comestibles
 c - a bread ration
 o - a choko
Scrolls
 h - a scroll of enchant weapon II {unknown}
 m - a scroll of noise {unknown}
Potions
 g - a potion of heal wounds {unknown}
 k - a potion of curing {unknown}
 p - a potion of paralysis {unknown}
 q - a potion of flight {unknown}
Books
 b - a book of Air

   Spells                             Type                      Level
   *Shock                             Conjuration/Air              1
   Swiftness                          Charms/Air                   2
   Repel Missiles                     Charms/Air                   2
   Flight                             Charms/Air                   3
   Static Discharge                   Conjuration/Air              3
   Lightning Bolt                     Conjuration/Air              5
Miscellaneous
 f - a plain deck of defence {drawn: 1} (in hand)


   Skills:
 + Level 2.8 Dodging
 + Level 3.0 Stealth
 - Level 1.5 Spellcasting
 - Level 0.7 Conjurations
 * Level 3.8 Air Magic


You had 3 spell levels left.
You knew the following spells:

 Your Spells              Type           Power        Failure   Level  Hunger
a - Shock                 Conj/Air       #...         12%         1    ##.....


Dungeon Overview and Level Annotations

Branches:
Dungeon (2/16)

Altars:
Nemelex Xobeh


Innate Abilities, Weirdness & Mutations

You are small and have problems with some larger weapons.
You are somewhat resistant to further mutation.
You have a slow metabolism.


Message History

There is a sparkling altar of Nemelex Xobeh here.
You see here a plain deck of cards.
f - a plain deck of cards You kneel at the altar of Nemelex Xobeh.
Nemelex Xobeh welcomes you!
Wield which item (- for none, * to show all)? (? for menu, Esc to quit)
f - a plain deck of cards (in hand)
You draw a card...
It is the Mercenary.
Phoass the merfolk comes into view. It is wielding a spear.
You cannot afford Phoass' fee of 204 gold!
Phoass attacks!
Phoass barely misses you.
Phoass throws a steel tomahawk.
The steel tomahawk hits you!
Ouch! That really hurt!
* * * LOW HITPOINT WARNING * * *
You see here a steel tomahawk.
Phoass throws a steel tomahawk.
The steel tomahawk hits you!
Ouch! That really hurt!
You die...
Your body disappears without a glow.

...
#....(#
#.....# .
#.....##.#
#...?.##.#
+.....+..#
#.....##.#
#.....##.#
#@..##.#
#...##.#
+...%..#
#(..##.#
#...##.#
#..m##.#
#...##.#
#...##.#
#_..##.#


You could see Phoass the merfolk.

Vanquished Creatures
  A giant gecko (D:2)
  An ooze (D:1)
  A bat (D:1)
  3 hobgoblins (D:1)
  3 kobolds
  A giant cockroach (D:1)
  2 rats (D:1)
12 creatures vanquished.

Notes
Turn   | Place    | Note
--------------------------------------------------------------
     0 | D:1      | Zomeperzon, the Halfling Air Elementalist, began the quest for the Orb.
     0 | D:1      | Reached XP level 1. HP: 11/11 MP: 2/2
   241 | D:1      | Reached XP level 2. HP: 17/17 MP: 0/3
   856 | D:2      | Found a sparkling altar of Nemelex Xobeh.
   869 | D:2      | Became a worshipper of Nemelex Xobeh
   874 | D:2      | Noticed Phoass
   879 | D:2      | Hit by a steel tomahawk thrown by Phoass

Action                   || total
-------------------------++-------
Melee: Unarmed           ||     3
Throw: Stone             ||    19
       Tomahawk          ||    21
 Cast: Shock             ||    20
Evoke: Deck              ||     1
